Sharks vs Maple Leafs

Created - November 17, 2025 at 09:31

Goals
1 2 3 T
Sharks 1 1 1 3
Maple Leafs 0 2 0 2
Shots
1 2 3 T
Sharks 3 20 11 34
Maple Leafs 11 8 8 27

1st period

1. Sharks , Conor Sheary 2 (Greg Stewart 1, Max Domi 2) at 18:58

Penalties :
Greg Stewart (S.J) for Slashing (Minor) at 8:50, Drew Doughty (S.J) for Cross-checking (Minor) at 12:53, Elias Pettersson (TOR) for Interference (Minor) at 19:30

2nd period

2. Maple Leafs , Pierre-Olivier Joseph 1 (Jason Zucker 3, Bo Horvat 2) at 9:30
3. Sharks , Greg Stewart 3 (Boone Jenner 3, Conor Sheary 1) at 13:30
4. Maple Leafs , Andre Burakovsky 1 (Elias Pettersson 2) at 16:50

Penalties :
Evander Kane (TOR) for Tripping (Minor) at 6:03, Elias Pettersson (TOR) for Roughing (Minor) at 18:34

3rd period

5. Sharks , Greg Stewart 4 (Boone Jenner 4) at 15:43

Penalties :
Jason Zucker (TOR) for Holding (Minor) at 2:39, Max Domi (S.J) for Tripping (Minor) at 6:05, Ronalds Kenins (S.J) for Holding (Minor) at 12:54, Tyler Benson (TOR) for Delaying the game (Minor) at 18:56

Goalie Stats

Philipp Grubauer (S.J), 25 saves from 27 shots - (0.926), W, 3-3-0, 60:00 minutes
Kristers Gudlevskis (TOR), 31 saves from 34 shots - (0.912), L, 2-2-0, 60:00 minutes

Players Stats for Sharks

Player Name              G  A  P  +/- PIM S  H  SB GA TA FO     MP     PP MP  PK MP  
------------------------------------------------------------------------------------
Ben Smith                0  0  0  -1  0   2  0  0  3  0  0/1    19:52   5:00   0:00 
Boone Jenner             0  2  2   2  0   2  3  0  1  1  9/18   18:46   3:59   4:18 
Brandon Carlo            0  0  0   0  0   2  1  0  0  1  0/0    29:41   6:03   4:10 
Brendan Gaunce           0  0  0   0  0   1  0  1  0  0  2/3     9:00   0:00   1:14 
Charlie McAvoy           0  0  0   0  0   1  2  1  0  0  0/0    10:44   0:00   0:44 
Connor Murphy            0  0  0   1  0   1  0  1  0  0  0/0    20:46   2:56   4:13 
Conor Sheary             1  1  2   2  0   5  2  0  0  0  0/0    14:23   3:59   0:00 
Devin Shore              0  0  0   0  0   2  2  0  0  0  4/6    10:10   0:00   0:13 
Drew Doughty             0  0  0   0  2   2  2  1  1  0  0/0    28:29   6:03   2:59 
Greg Stewart             2  1  3   2  2   5  1  0  0  0  1/1    17:11   3:59   2:48 
Kurtis Macdermid         0  0  0   0  0   1  2  1  0  0  0/0    11:23   0:00   1:21 
MacKenzie Weegar         0  0  0   0  0   1  0  0  0  0  0/0     9:41   0:00   0:00 
Markus Nutivaara         0  0  0   1  0   3  1  1  1  1  0/0    20:38   2:56   3:46 
Max Domi                 0  1  1  -1  2   4  0  1  1  1  20/33  22:44   5:00   2:52 
Nail Yakupov             0  0  0   0  0   1  0  0  0  0  2/2    10:12   0:00   0:00 
Ronalds Kenins           0  0  0  -1  2   1  1  0  0  0  0/2    22:15   5:00   2:33 
Vince Hinostroza         0  0  0   0  0   0  0  0  0  0  0/1     7:46   0:00   0:00 
William Carrier          0  0  0   0  0   0  1  0  1  0  0/0     8:19   0:00   0:33 

Players Stats for Maple Leafs

Player Name              G  A  P  +/- PIM S  H  SB GA TA FO     MP     PP MP  PK MP  
------------------------------------------------------------------------------------
Aleksi Saarela           0  0  0  -1  0   0  0  0  0  0  1/4     8:00   0:42   0:33 
Andre Burakovsky         1  0  1   1  0   3  1  1  1  0  0/1    20:05   3:32   1:45 
Bo Horvat                0  1  1  -1  0   3  0  0  0  0  13/27  20:59   4:12   6:01 
Brendan Guhle            0  0  0   1  0   0  0  0  0  2  0/0    12:26   0:00   2:44 
Elias Lindholm           0  0  0   0  0   1  0  0  0  0  3/9    13:19   0:00   1:45 
Elias Pettersson         0  1  1   1  4   1  2  1  0  0  11/22  18:17   3:02   1:04 
Evander Kane             0  0  0   1  2   3  2  1  1  0  1/1    23:26   3:45   5:01 
Haydn Fleury             0  0  0  -2  0   0  1  2  0  1  0/0    21:41   0:00   6:15 
Jason Zucker             0  1  1  -1  2   0  1  0  0  0  0/2    15:46   3:55   1:03 
John Klingberg           0  0  0   0  0   4  2  4  0  0  0/0    22:15   4:03   0:00 
Jon Merrill              0  0  0  -2  0   1  0  3  0  1  0/0    25:19   3:53   6:15 
Martin Necas             0  0  0  -1  0   4  1  0  2  0  0/1    14:36   3:50   0:00 
Pierre-Olivier Joseph    1  0  1   1  0   3  0  1  0  2  0/0    13:33   3:53   0:00 
Pontus Aberg             0  0  0  -1  0   0  0  0  0  0  0/0     7:29   0:44   0:00 
Tyler Benson             0  0  0   0  2   0  0  0  0  1  0/0    10:54   0:00   0:09 
Valentin Zykov           0  0  0  -1  0   0  0  0  0  0  0/0     7:19   0:06   0:37 
William Nylander         0  0  0   0  0   1  1  0  0  1  0/0    10:46   0:00   0:00 
Zach Werenski            0  0  0   0  0   3  2  3  0  0  0/0    24:46   4:03   2:44 

3 Stars

1 - Greg Stewart (S.J)
2 - Conor Sheary (S.J)
3 - Boone Jenner (S.J)

Power Play

Sharks - 0 on 5 Attempt(s) - 0.00%
Maple Leafs - 0 on 4 Attempt(s) - 0.00%

Penalty Kill

Sharks - 4 on 4 Attempt(s) - 100.00% - Score 0 goal in Penalty Kill
Maple Leafs - 5 on 5 Attempt(s) - 100.00% - Score 0 goal in Penalty Kill

Team Stat

Sharks - Hits : 18 - Faceoff Wins : 38 - Blocked Shots : 7 - Penalty Minutes : 8
Maple Leafs - Hits : 13 - Faceoff Wins : 29 - Blocked Shots : 16 - Penalty Minutes : 10

Official

Referees : Brad Meier and Pierre Lambert
Linesman : Shandor Alphonso and Kiel Murchison

Game Notes

No Game Note

Finance

Level 1 -- Attendance: 5197 (86.62%) -- Ticket Income $519,700
Level 2 -- Attendance: 4802 (96.04%) -- Ticket Income $336,140
Level 3 -- Attendance: 1832 (91.60%) -- Ticket Income $73,280
Level 4 -- Attendance: 3596 (89.90%) -- Ticket Income $107,880
Luxury Box -- Attendance: 1000 (100.00%) -- Ticket Income $200,000
Game was played at the Scotiabank Arena.
Total Attendance: 16427 (91.26%)
Total Ticket Income: $1,237,000
Other Income: $185,550
Total Income: $1,422,550

Sharks

5 vs 5 Forward 
   Center                   Left Wing                Right Wing               Time % Phy DF OF 
 1 Max Domi                 Ronalds Kenins           Ben Smith                40     0   2  3  
 2 Boone Jenner             Greg Stewart             Conor Sheary             30     0   2  3  
 3 Devin Shore              Kurtis Macdermid         Nail Yakupov             20     1   2  2  
 4 Brendan Gaunce           William Carrier          Vince Hinostroza         10     1   3  1  

5 vs 5 Defense 
   Defense                  Defense                                           Time % Phy DF OF 
 1 Brandon Carlo            Drew Doughty                                      40     1   2  2  
 2 Markus Nutivaara         Connor Murphy                                     30     1   2  2  
 3 Charlie McAvoy           MacKenzie Weegar                                  20     1   3  1  
 4 Brandon Carlo            Drew Doughty                                      10     1   3  1  

PowerPlay Forward 
   Center                   Left Wing                Right Wing               Time % Phy DF OF 
 1 Max Domi                 Ronalds Kenins           Ben Smith                60     1   1  3  
 2 Boone Jenner             Greg Stewart             Conor Sheary             40     1   1  3  

PowerPlay Defense
   Defense                  Defense                                           Time % Phy DF OF 
 1 Brandon Carlo            Drew Doughty                                      60     0   2  3  
 2 Markus Nutivaara         Connor Murphy                                     40     0   2  3  

Penalty Kill 4 Players Forward 
   Center                   Wing                     Time % Phy DF OF 
 1 Max Domi                 Ronalds Kenins           60     1   4  0  
 2 Boone Jenner             Greg Stewart             40     1   4  0  

Penalty Kill 4 Players Defense
   Defense                  Defense                  Time % Phy DF OF 
 1 Brandon Carlo            Drew Doughty             60     0   5  0  
 2 Markus Nutivaara         Connor Murphy            40     0   5  0  

Penalty Kill - 3 Players Forward 
   Forward                                           Time % Phy DF OF 
 1 Max Domi                                          60     1   4  0  
 2 Boone Jenner                                      40     1   4  0  

Penalty Kill - 3 Players Defense
   Defense                  Defense                  Time % Phy DF OF 
 1 Brandon Carlo            Drew Doughty             60     1   4  0  
 2 Markus Nutivaara         Connor Murphy            40     1   4  0  

4 vs 4 Forward 
   Center                   Wing                     Time % Phy DF OF 
 1 Max Domi                 Ronalds Kenins           60     1   2  2  
 2 Boone Jenner             Greg Stewart             40     1   2  2  

4 vs 4 Defense
   Defense                  Defense                  Time % Phy DF OF 
 1 Brandon Carlo            Drew Doughty             60     1   2  2  
 2 Markus Nutivaara         Connor Murphy            40     1   2  2  

Last Minutes Offensive
   Center                   Left Wing                Right Wing               Defense                  Defense                  
   Max Domi                 Ronalds Kenins           Ben Smith                Brandon Carlo            Drew Doughty             

Last Minutes Defensive
   Center                   Left Wing                Right Wing               Defense                  Defense                  
   Max Domi                 Ronalds Kenins           Ben Smith                Brandon Carlo            Drew Doughty             

Goaltenders
Starting : Philipp Grubauer         
Backup : Malcolm Subban           

Extra Forwards
Normal : Boone Jenner, Devin Shore, Nail Yakupov - PP : Boone Jenner, Devin Shore - PK : Boone Jenner
Extra Defensemen
Normal : Connor Murphy, Charlie McAvoy, MacKenzie Weegar - PP : Connor Murphy - PK : Connor Murphy, Charlie McAvoy
Penalty Shots
Max Domi, Ben Smith, Conor Sheary, Ronalds Kenins, Boone Jenner
Custom OT Lines Forwards
Max Domi, Ben Smith, Conor Sheary, Ronalds Kenins, Boone Jenner, Devin Shore, Nail Yakupov, Greg Stewart, Brendan Gaunce, Vince Hinostroza
Custom OT Lines Defensemen
Brandon Carlo, Drew Doughty, Markus Nutivaara, Connor Murphy, Charlie McAvoy

Scratches
Oscar Sundqvist (Healthy)

Maple Leafs

5 vs 5 Forward 
   Center                   Left Wing                Right Wing               Time % Phy DF OF 
 1 Elias Pettersson         Evander Kane             Andre Burakovsky         40     1   2  2  
 2 Bo Horvat                Jason Zucker             Martin Necas             30     1   2  2  
 3 Elias Lindholm           Tyler Benson             William Nylander         20     1   2  2  
 4 Aleksi Saarela           Valentin Zykov           Pontus Aberg             10     1   2  2  

5 vs 5 Defense 
   Defense                  Defense                                           Time % Phy DF OF 
 1 Zach Werenski            John Klingberg                                    40     1   2  2  
 2 Jon Merrill              Haydn Fleury                                      30     1   2  2  
 3 Brendan Guhle            Pierre-Olivier Joseph                             20     1   2  2  
 4 Zach Werenski            John Klingberg                                    10     1   2  2  

PowerPlay Forward 
   Center                   Left Wing                Right Wing               Time % Phy DF OF 
 1 Bo Horvat                Evander Kane             Andre Burakovsky         60     1   2  2  
 2 Elias Pettersson         Jason Zucker             Martin Necas             40     1   2  2  

PowerPlay Defense
   Defense                  Defense                                           Time % Phy DF OF 
 1 Zach Werenski            John Klingberg                                    60     1   2  2  
 2 Jon Merrill              Pierre-Olivier Joseph                             40     1   2  2  

Penalty Kill 4 Players Forward 
   Center                   Wing                     Time % Phy DF OF 
 1 Bo Horvat                Evander Kane             60     1   2  2  
 2 Elias Lindholm           Andre Burakovsky         40     1   2  2  

Penalty Kill 4 Players Defense
   Defense                  Defense                  Time % Phy DF OF 
 1 Jon Merrill              Haydn Fleury             60     1   2  2  
 2 Brendan Guhle            Zach Werenski            40     1   2  2  

Penalty Kill - 3 Players Forward 
   Forward                                           Time % Phy DF OF 
 1 Bo Horvat                                         60     1   2  2  
 2 Elias Lindholm                                    40     1   2  2  

Penalty Kill - 3 Players Defense
   Defense                  Defense                  Time % Phy DF OF 
 1 Jon Merrill              Haydn Fleury             60     1   2  2  
 2 Brendan Guhle            Zach Werenski            40     1   2  2  

4 vs 4 Forward 
   Center                   Wing                     Time % Phy DF OF 
 1 Bo Horvat                Evander Kane             60     1   2  2  
 2 Elias Pettersson         Jason Zucker             40     1   2  2  

4 vs 4 Defense
   Defense                  Defense                  Time % Phy DF OF 
 1 Zach Werenski            John Klingberg           60     1   2  2  
 2 Jon Merrill              Pierre-Olivier Joseph    40     1   2  2  

Last Minutes Offensive
   Center                   Left Wing                Right Wing               Defense                  Defense                  
   Elias Pettersson         Evander Kane             Andre Burakovsky         Zach Werenski            John Klingberg           

Last Minutes Defensive
   Center                   Left Wing                Right Wing               Defense                  Defense                  
   Bo Horvat                Evander Kane             Andre Burakovsky         Haydn Fleury             Jon Merrill              

Goaltenders
Starting : Kristers Gudlevskis      
Backup : Semyon Varlamov          

Extra Forwards
Normal : Elias Lindholm, Martin Necas, Pontus Aberg - PP : Elias Pettersson, Martin Necas - PK : Elias Pettersson
Extra Defensemen
Normal : Haydn Fleury, Pierre-Olivier Joseph, Brendan Guhle - PP : Pierre-Olivier Joseph - PK : Haydn Fleury, Brendan Guhle
Penalty Shots
Andre Burakovsky, Elias Pettersson, Evander Kane, Aleksi Saarela, John Klingberg
Custom OT Lines Forwards
Evander Kane, Bo Horvat, Andre Burakovsky, Elias Pettersson, Jason Zucker, Martin Necas, Pontus Aberg, Valentin Zykov, Elias Lindholm, Aleksi Saarela
Custom OT Lines Defensemen
Zach Werenski, John Klingberg, Jon Merrill, Pierre-Olivier Joseph, Haydn Fleury

Scratches
None


% Time on Ice - Sharks

Lines # - Real PCT - Wanted PCT - Time Play
Normal Forward
1 - 35% - 40% - 14:58
2 - 24% - 30% - 10:24
3 - 23% - 20% - 9:57
4 - 18% - 10% - 7:46
Normal Defense
1 - 41% - 40% - 17:43
2 - 32% - 30% - 13:37
3 - 22% - 20% - 9:41
4 - 5% - 10% - 2:04
PP Forward
1 - 56% - 60% - 5:00
2 - 44% - 40% - 3:59
PP Defense
1 - 67% - 60% - 6:03
2 - 33% - 40% - 2:56
PK Forward
1 - 84% - 60% - 6:41
2 - 16% - 40% - 1:15
PK Defense
1 - 61% - 60% - 4:48
2 - 39% - 40% - 3:08
PK3 Forward
1 - 0% - 60%
2 - 0% - 40%
PK3 Defense
1 - 0% - 60%
2 - 0% - 40%
44 Forward
1 - 0% - 60%
2 - 0% - 40%
44 Defense
1 - 0% - 60%
2 - 0% - 40%
Last Minute Offensive  - 0:00
Last Minute Defensive  - 0:00
Total
Forward - 60:00
Defense - 60:00

% Time on Ice - Maple Leafs

Lines # - Real PCT - Wanted PCT - Time Play
Normal Forward
1 - 33% - 40% - 14:09
2 - 27% - 30% - 11:34
3 - 25% - 20% - 10:46
4 - 15% - 10% - 6:36
Normal Defense
1 - 42% - 40% - 18:18
2 - 34% - 30% - 14:39
3 - 21% - 20% - 9:11
4 - 2% - 10% - 0:57
PP Forward
1 - 54% - 60% - 4:16
2 - 46% - 40% - 3:40
PP Defense
1 - 51% - 60% - 4:03
2 - 49% - 40% - 3:53
PK Forward
1 - 81% - 60% - 7:14
2 - 19% - 40% - 1:45
PK Defense
1 - 70% - 60% - 6:15
2 - 30% - 40% - 2:44
PK3 Forward
1 - 0% - 60%
2 - 0% - 40%
PK3 Defense
1 - 0% - 60%
2 - 0% - 40%
44 Forward
1 - 0% - 60%
2 - 0% - 40%
44 Defense
1 - 0% - 60%
2 - 0% - 40%
Last Minute Offensive  - 0:00
Last Minute Defensive  - 0:00
Total
Forward - 60:00
Defense - 60:00

Play-by-Play

1st period


0:01 of 1st period - Elias Pettersson wins face-off versus Max Domi in neutral zone.
0:04 of 1st period - Slapshot by Zach Werenski.
0:04 of 1st period - Stopped by Philipp Grubauer without a rebound.
0:05 of 1st period - Elias Pettersson wins face-off versus Max Domi in Sharks zone.
0:47 of 1st period - Off-side.
0:48 of 1st period - Bo Horvat wins face-off versus Boone Jenner in neutral zone.
1:15 of 1st period - Haydn Fleury is hit by Kurtis Macdermid and loses puck.
2:03 of 1st period - Snap shot by Aleksi Saarela.
2:03 of 1st period - Shot Misses the Net.
2:17 of 1st period - Wrist shot by Bo Horvat.
2:17 of 1st period - Stopped by Philipp Grubauer with a rebound.
3:03 of 1st period - Wrist shot by Devin Shore.
3:03 of 1st period - Shot Misses the Net.
3:37 of 1st period - Wrist shot by Conor Sheary.
3:37 of 1st period - Shot Misses the Net.
3:39 of 1st period - Wrist shot by Boone Jenner.
3:39 of 1st period - Shot Misses the Net.
3:41 of 1st period - Slapshot by Brandon Carlo.
3:41 of 1st period - Shot Blocked by Zach Werenski.
3:43 of 1st period - Snap shot by Brandon Carlo.
3:43 of 1st period - Shot Misses the Net.
5:57 of 1st period - Off-side.
5:58 of 1st period - Elias Pettersson wins face-off versus Boone Jenner in neutral zone.
6:05 of 1st period - Wrist shot by Elias Pettersson.
6:05 of 1st period - Stopped by Philipp Grubauer with a rebound.
6:07 of 1st period - Slapshot by John Klingberg.
6:07 of 1st period - Stopped by Philipp Grubauer without a rebound.
6:08 of 1st period - Elias Pettersson wins face-off versus Boone Jenner in Sharks zone.
6:19 of 1st period - Snap shot by Evander Kane.
6:19 of 1st period - Stopped by Philipp Grubauer without a rebound.
6:20 of 1st period - Max Domi wins face-off versus Jason Zucker in Sharks zone.
6:37 of 1st period - Slapshot by Drew Doughty.
6:37 of 1st period - Stopped by Kristers Gudlevskis with a rebound.
6:57 of 1st period - Snap shot by Martin Necas.
6:57 of 1st period - Stopped by Philipp Grubauer without a rebound.
6:58 of 1st period - Max Domi wins face-off versus Elias Pettersson in Sharks zone.
7:06 of 1st period - Off-side.
7:07 of 1st period - Max Domi wins face-off versus Andre Burakovsky in neutral zone.
7:58 of 1st period - Snap shot by Evander Kane.
7:58 of 1st period - Stopped by Philipp Grubauer with a rebound.
8:00 of 1st period - Snap shot by Andre Burakovsky.
8:00 of 1st period - Shot Misses the Net.
8:36 of 1st period - Wrist shot by Andre Burakovsky.
8:36 of 1st period - Shot Misses the Net.
8:44 of 1st period - Slapshot by Elias Pettersson.
8:44 of 1st period - Shot Misses the Net.
8:46 of 1st period - Snap shot by Andre Burakovsky.
8:46 of 1st period - Deflect By Brandon Carlo.
8:46 of 1st period - Shot Blocked by Drew Doughty.
8:46 of 1st period - Puck is out of play.
8:47 of 1st period - Boone Jenner wins face-off versus Bo Horvat in Sharks zone.
8:47 of 1st period - Boone Jenner is hit by Jason Zucker.
8:50 of 1st period - Minor Penalty to Greg Stewart for Slashing.
8:51 of 1st period - Aleksi Saarela wins face-off versus Boone Jenner in Sharks zone.
8:51 of 1st period - Slapshot by Zach Werenski.
8:51 of 1st period - Shot Misses the Net.
8:55 of 1st period - Slapshot by Zach Werenski.
8:55 of 1st period - Stopped by Philipp Grubauer with a rebound.
9:17 of 1st period - Pontus Aberg is hit by Kurtis Macdermid and loses puck.
10:25 of 1st period - Icing by John Klingberg.
10:26 of 1st period - Max Domi wins face-off versus Aleksi Saarela in Maple Leafs zone.
10:50 of 1st period - Penalty to Greg Stewart is over, Greg Stewart is back on ice.
11:01 of 1st period - William Carrier is hit by William Nylander and loses puck.
11:26 of 1st period - Wrist shot by Greg Stewart.
11:26 of 1st period - Stopped by Kristers Gudlevskis without a rebound.
11:27 of 1st period - Boone Jenner wins face-off versus Aleksi Saarela in Maple Leafs zone.
11:34 of 1st period - Wrist shot by Greg Stewart.
11:34 of 1st period - Shot Blocked by John Klingberg.
12:53 of 1st period - Minor Penalty to Drew Doughty for Cross-checking.
12:54 of 1st period - Max Domi wins face-off versus Bo Horvat in Sharks zone.
14:53 of 1st period - Penalty to Drew Doughty is over, Drew Doughty is back on ice.
15:28 of 1st period - John Klingberg is hit by William Carrier and loses puck.
16:24 of 1st period - Elias Lindholm is hit by Conor Sheary and loses puck.
17:02 of 1st period - Bo Horvat is hit by Charlie McAvoy.
17:30 of 1st period - William Carrier is hit by Elias Pettersson and loses puck.
17:43 of 1st period - Zach Werenski is hit by Charlie McAvoy and loses puck.
18:01 of 1st period - Haydn Fleury is hit by Drew Doughty and loses puck.
18:37 of 1st period - Markus Nutivaara is hit by Zach Werenski and loses puck.
18:46 of 1st period - Slapshot by John Klingberg.
18:46 of 1st period - Stopped by Philipp Grubauer with a rebound.
18:58 of 1st period - Snap shot by Conor Sheary.
18:58 of 1st period - Goal by Conor Sheary - Sharks : 1 - Maple Leafs : 0.
18:59 of 1st period - Bo Horvat wins face-off versus Boone Jenner in neutral zone.
19:04 of 1st period - Wrist shot by Martin Necas.
19:04 of 1st period - Stopped by Philipp Grubauer without a rebound.
19:05 of 1st period - Boone Jenner wins face-off versus Bo Horvat in Sharks zone.
19:05 of 1st period - Boone Jenner is hit by Martin Necas.
19:21 of 1st period - Slapshot by John Klingberg.
19:21 of 1st period - Stopped by Philipp Grubauer without a rebound.
19:22 of 1st period - Max Domi wins face-off versus Elias Pettersson in Sharks zone.
19:30 of 1st period - Minor Penalty to Elias Pettersson for Interference.
19:31 of 1st period - Max Domi wins face-off versus Bo Horvat in Maple Leafs zone.
19:54 of 1st period - Icing by Ronalds Kenins.
19:55 of 1st period - Bo Horvat wins face-off versus Ronalds Kenins in Sharks zone.
Goals for this period are 1 for Sharks vs 0 for Maple Leafs.
Shots for this period are 3 for Sharks vs 11 for Maple Leafs.

2nd period


0:01 of 2nd period - Bo Horvat wins face-off versus Max Domi in neutral zone.
1:30 of 2nd period - Penalty to Elias Pettersson is over, Elias Pettersson is back on ice.
2:17 of 2nd period - Andre Burakovsky is hit by Devin Shore and loses puck.
2:40 of 2nd period - Wrist shot by Brendan Gaunce.
2:40 of 2nd period - Stopped by Kristers Gudlevskis with a rebound.
3:42 of 2nd period - Icing by John Klingberg.
3:43 of 2nd period - Bo Horvat wins face-off versus Brendan Gaunce in Maple Leafs zone.
4:14 of 2nd period - Slapshot by Zach Werenski.
4:14 of 2nd period - Stopped by Philipp Grubauer without a rebound.
4:15 of 2nd period - Elias Pettersson wins face-off versus Max Domi in Sharks zone.
4:42 of 2nd period - Tyler Benson is hit by Brandon Carlo and loses puck.
4:49 of 2nd period - Slapshot by Boone Jenner.
4:49 of 2nd period - Stopped by Kristers Gudlevskis with a rebound.
5:34 of 2nd period - Brendan Guhle is hit by Devin Shore and loses puck.
5:39 of 2nd period - Wrist shot by Devin Shore.
5:39 of 2nd period - Stopped by Kristers Gudlevskis without a rebound.
5:40 of 2nd period - Elias Pettersson wins face-off versus Max Domi in Maple Leafs zone.
5:51 of 2nd period - Snap shot by Andre Burakovsky.
5:51 of 2nd period - Stopped by Philipp Grubauer without a rebound.
5:52 of 2nd period - Max Domi wins face-off versus Elias Pettersson in Sharks zone.
5:52 of 2nd period - Max Domi is hit by Elias Pettersson.
6:03 of 2nd period - Minor Penalty to Evander Kane for Tripping.
6:04 of 2nd period - Bo Horvat wins face-off versus Ben Smith in Maple Leafs zone.
6:12 of 2nd period - Elias Pettersson is hit by Ronalds Kenins and loses puck.
6:31 of 2nd period - Bo Horvat is hit by Conor Sheary and loses puck.
8:03 of 2nd period - Penalty to Evander Kane is over, Evander Kane is back on ice.
8:05 of 2nd period - Wrist shot by Jon Merrill.
8:05 of 2nd period - Shot Misses the Net.
8:11 of 2nd period - Haydn Fleury is hit by Drew Doughty and loses puck.
8:30 of 2nd period - Snap shot by Vince Hinostroza.
8:30 of 2nd period - Shot Blocked by Evander Kane.
8:32 of 2nd period - Snap shot by William Carrier.
8:32 of 2nd period - Shot Blocked by Andre Burakovsky.
8:34 of 2nd period - Slapshot by MacKenzie Weegar.
8:34 of 2nd period - Stopped by Kristers Gudlevskis without a rebound.
8:35 of 2nd period - Brendan Gaunce wins face-off versus Aleksi Saarela in Maple Leafs zone.
8:57 of 2nd period - Off-side.
8:58 of 2nd period - Bo Horvat wins face-off versus Max Domi in neutral zone.
9:00 of 2nd period - Off-side.
9:01 of 2nd period - Bo Horvat wins face-off versus Max Domi in neutral zone.
9:30 of 2nd period - Snap shot by Pierre-Olivier Joseph.
9:30 of 2nd period - Goal by Pierre-Olivier Joseph - Sharks : 1 - Maple Leafs : 1.
9:31 of 2nd period - Max Domi wins face-off versus Elias Pettersson in neutral zone.
10:32 of 2nd period - Snap shot by Martin Necas.
10:32 of 2nd period - Stopped by Philipp Grubauer with a rebound.
10:50 of 2nd period - Wrist shot by William Nylander.
10:50 of 2nd period - Deflect By Devin Shore.
10:50 of 2nd period - Shot Blocked by Markus Nutivaara.
10:50 of 2nd period - Puck is out of play.
10:51 of 2nd period - Elias Pettersson wins face-off versus Max Domi in Sharks zone.
11:17 of 2nd period - Elias Lindholm is hit by Boone Jenner and loses puck.
12:16 of 2nd period - Wrist shot by Aleksi Saarela.
12:16 of 2nd period - Shot Blocked by Connor Murphy.
12:19 of 2nd period - Icing by Ben Smith.
12:20 of 2nd period - Elias Pettersson wins face-off versus Max Domi in Sharks zone.
12:27 of 2nd period - Wrist shot by Elias Pettersson.
12:27 of 2nd period - Shot Misses the Net.
12:39 of 2nd period - Snap shot by Ben Smith.
12:39 of 2nd period - Shot Blocked by John Klingberg.
12:41 of 2nd period - Wrist shot by Ronalds Kenins.
12:41 of 2nd period - Shot Blocked by John Klingberg.
12:43 of 2nd period - Slapshot by Markus Nutivaara.
12:43 of 2nd period - Stopped by Kristers Gudlevskis with a rebound.
12:45 of 2nd period - Slapshot by Markus Nutivaara.
12:45 of 2nd period - Stopped by Kristers Gudlevskis without a rebound.
12:46 of 2nd period - Boone Jenner wins face-off versus Jason Zucker in Maple Leafs zone.
12:49 of 2nd period - Snap shot by Greg Stewart.
12:49 of 2nd period - Stopped by Kristers Gudlevskis without a rebound.
12:50 of 2nd period - Boone Jenner wins face-off versus Bo Horvat in Maple Leafs zone.
12:51 of 2nd period - Slapshot by Greg Stewart.
12:51 of 2nd period - Stopped by Kristers Gudlevskis without a rebound.
12:52 of 2nd period - Boone Jenner wins face-off versus Martin Necas in Maple Leafs zone.
13:28 of 2nd period - Wrist shot by Greg Stewart.
13:28 of 2nd period - Shot Blocked by Jon Merrill.
13:30 of 2nd period - Slapshot by Greg Stewart.
13:30 of 2nd period - Goal by Greg Stewart - Sharks : 2 - Maple Leafs : 1.
13:31 of 2nd period - Max Domi wins face-off versus Elias Pettersson in neutral zone.
13:40 of 2nd period - Snap shot by Ben Smith.
13:40 of 2nd period - Shot Misses the Net.
14:08 of 2nd period - Wrist shot by Conor Sheary.
14:08 of 2nd period - Stopped by Kristers Gudlevskis with a rebound.
14:18 of 2nd period - Slapshot by John Klingberg.
14:18 of 2nd period - Deflect By Devin Shore.
14:18 of 2nd period - Stopped by Philipp Grubauer without a rebound.
14:19 of 2nd period - Elias Lindholm wins face-off versus Devin Shore in Sharks zone.
14:28 of 2nd period - Wrist shot by Devin Shore.
14:28 of 2nd period - Deflect By Kurtis Macdermid.
14:28 of 2nd period - Stopped by Kristers Gudlevskis without a rebound.
14:29 of 2nd period - Max Domi wins face-off versus Elias Pettersson in Maple Leafs zone.
16:10 of 2nd period - Snap shot by Ronalds Kenins.
16:10 of 2nd period - Shot Misses the Net.
16:31 of 2nd period - Icing by Elias Lindholm.
16:32 of 2nd period - Elias Lindholm wins face-off versus Boone Jenner in Maple Leafs zone.
16:46 of 2nd period - Snap shot by William Nylander.
16:46 of 2nd period - Stopped by Philipp Grubauer without a rebound.
16:47 of 2nd period - Elias Pettersson wins face-off versus Ronalds Kenins in Sharks zone.
16:48 of 2nd period - Snap shot by Andre Burakovsky.
16:48 of 2nd period - Shot Misses the Net.
16:50 of 2nd period - Wrist shot by Andre Burakovsky.
16:50 of 2nd period - Goal by Andre Burakovsky - Sharks : 2 - Maple Leafs : 2.
16:51 of 2nd period - Max Domi wins face-off versus Elias Pettersson in neutral zone.
16:53 of 2nd period - Off-side.
16:54 of 2nd period - Elias Pettersson wins face-off versus Max Domi in neutral zone.
17:30 of 2nd period - Icing by Drew Doughty.
17:31 of 2nd period - Max Domi wins face-off versus Elias Pettersson in Sharks zone.
17:31 of 2nd period - Max Domi is hit by Andre Burakovsky.
17:49 of 2nd period - Snap shot by Ronalds Kenins.
17:49 of 2nd period - Shot Blocked by Haydn Fleury.
17:51 of 2nd period - Wrist shot by Max Domi.
17:51 of 2nd period - Shot Misses the Net.
17:53 of 2nd period - Slapshot by Max Domi.
17:53 of 2nd period - Stopped by Kristers Gudlevskis with a rebound.
17:55 of 2nd period - Snap shot by Ronalds Kenins.
17:55 of 2nd period - Shot Misses the Net.
18:01 of 2nd period - Wrist shot by Ben Smith.
18:01 of 2nd period - Stopped by Kristers Gudlevskis with a rebound.
18:03 of 2nd period - Slapshot by Brandon Carlo.
18:03 of 2nd period - Stopped by Kristers Gudlevskis with a rebound.
18:07 of 2nd period - Slapshot by Max Domi.
18:07 of 2nd period - Stopped by Kristers Gudlevskis without a rebound.
18:08 of 2nd period - Boone Jenner wins face-off versus Bo Horvat in Maple Leafs zone.
18:25 of 2nd period - Snap shot by Bo Horvat.
18:25 of 2nd period - Stopped by Philipp Grubauer without a rebound.
18:26 of 2nd period - Devin Shore wins face-off versus Elias Pettersson in Sharks zone.
18:26 of 2nd period - Devin Shore is hit by Evander Kane.
18:31 of 2nd period - Markus Nutivaara is hit by John Klingberg and loses puck.
18:34 of 2nd period - Minor Penalty to Elias Pettersson for Roughing.
18:35 of 2nd period - Bo Horvat wins face-off versus Max Domi in Maple Leafs zone.
19:18 of 2nd period - Slapshot by Ronalds Kenins.
19:18 of 2nd period - Stopped by Kristers Gudlevskis with a rebound.
19:20 of 2nd period - Slapshot by Drew Doughty.
19:20 of 2nd period - Shot Blocked by Jon Merrill.
19:22 of 2nd period - Slapshot by Brandon Carlo.
19:22 of 2nd period - Shot Misses the Net.
19:24 of 2nd period - Wrist shot by Ben Smith.
19:24 of 2nd period - Stopped by Kristers Gudlevskis with a rebound.
19:26 of 2nd period - Slapshot by Drew Doughty.
19:26 of 2nd period - Stopped by Kristers Gudlevskis without a rebound.
19:27 of 2nd period - Boone Jenner wins face-off versus Bo Horvat in Maple Leafs zone.
19:34 of 2nd period - Wrist shot by Conor Sheary.
19:34 of 2nd period - Stopped by Kristers Gudlevskis with a rebound.
19:36 of 2nd period - Snap shot by Connor Murphy.
19:36 of 2nd period - Shot Blocked by Zach Werenski.
19:42 of 2nd period - Snap shot by Conor Sheary.
19:42 of 2nd period - Shot Misses the Net.
19:44 of 2nd period - Slapshot by Conor Sheary.
19:44 of 2nd period - Stopped by Kristers Gudlevskis without a rebound.
19:45 of 2nd period - Evander Kane wins face-off versus Boone Jenner in Maple Leafs zone.
Goals for this period are 1 for Sharks vs 2 for Maple Leafs.
Shots for this period are 20 for Sharks vs 8 for Maple Leafs.

3rd period


0:01 of 3rd period - Max Domi wins face-off versus Bo Horvat in neutral zone.
0:06 of 3rd period - Wrist shot by Brandon Carlo.
0:06 of 3rd period - Deflect By Max Domi.
0:06 of 3rd period - Shot Blocked by Haydn Fleury.
0:06 of 3rd period - Puck is out of play.
0:07 of 3rd period - Bo Horvat wins face-off versus Max Domi in Maple Leafs zone.
0:34 of 3rd period - Penalty to Elias Pettersson is over, Elias Pettersson is back on ice.
0:46 of 3rd period - Wrist shot by Max Domi.
0:46 of 3rd period - Stopped by Kristers Gudlevskis without a rebound.
0:47 of 3rd period - Greg Stewart wins face-off versus Bo Horvat in Maple Leafs zone.
1:34 of 3rd period - Snap shot by Andre Burakovsky.
1:34 of 3rd period - Shot Misses the Net.
1:36 of 3rd period - Wrist shot by Elias Lindholm.
1:36 of 3rd period - Stopped by Philipp Grubauer without a rebound.
1:37 of 3rd period - Brendan Gaunce wins face-off versus Elias Lindholm in Sharks zone.
2:39 of 3rd period - Minor Penalty to Jason Zucker for Holding.
2:40 of 3rd period - Bo Horvat wins face-off versus Max Domi in Maple Leafs zone.
4:39 of 3rd period - Penalty to Jason Zucker is over, Jason Zucker is back on ice.
4:55 of 3rd period - Snap shot by Pontus Aberg.
4:55 of 3rd period - Shot Misses the Net.
4:57 of 3rd period - Snap shot by Pierre-Olivier Joseph.
4:57 of 3rd period - Stopped by Philipp Grubauer without a rebound.
4:58 of 3rd period - Elias Lindholm wins face-off versus Vince Hinostroza in Sharks zone.
5:03 of 3rd period - Snap shot by William Nylander.
5:03 of 3rd period - Shot Blocked by Brendan Gaunce.
5:32 of 3rd period - Slapshot by Connor Murphy.
5:32 of 3rd period - Stopped by Kristers Gudlevskis with a rebound.
5:34 of 3rd period - Wrist shot by Markus Nutivaara.
5:34 of 3rd period - Stopped by Kristers Gudlevskis without a rebound.
5:35 of 3rd period - Elias Pettersson wins face-off versus Devin Shore in Maple Leafs zone.
5:40 of 3rd period - Wrist shot by Devin Shore.
5:40 of 3rd period - Deflect By Nail Yakupov.
5:40 of 3rd period - Shot Blocked by Elias Pettersson.
5:40 of 3rd period - Puck is out of play.
5:41 of 3rd period - Devin Shore wins face-off versus Elias Pettersson in Maple Leafs zone.
6:05 of 3rd period - Minor Penalty to Max Domi for Tripping.
6:06 of 3rd period - Bo Horvat wins face-off versus Boone Jenner in Sharks zone.
6:18 of 3rd period - Slapshot by Andre Burakovsky.
6:18 of 3rd period - Stopped by Philipp Grubauer with a rebound.
7:57 of 3rd period - Boone Jenner is hit by Zach Werenski and loses puck.
8:05 of 3rd period - Penalty to Max Domi is over, Max Domi is back on ice.
8:35 of 3rd period - Markus Nutivaara is hit by Haydn Fleury and loses puck.
9:01 of 3rd period - Jon Merrill is hit by Boone Jenner and loses puck.
9:25 of 3rd period - Slapshot by Drew Doughty.
9:25 of 3rd period - Deflect By Nail Yakupov.
9:25 of 3rd period - Stopped by Kristers Gudlevskis with a rebound.
9:27 of 3rd period - Snap shot by Devin Shore.
9:27 of 3rd period - Shot Blocked by Pierre-Olivier Joseph.
9:29 of 3rd period - Snap shot by Kurtis Macdermid.
9:29 of 3rd period - Shot Misses the Net.
10:20 of 3rd period - Ben Smith is hit by John Klingberg and loses puck.
11:06 of 3rd period - Haydn Fleury is hit by Greg Stewart and loses puck.
11:13 of 3rd period - Slapshot by Conor Sheary.
11:13 of 3rd period - Stopped by Kristers Gudlevskis with a rebound.
11:20 of 3rd period - Icing by Jon Merrill.
11:21 of 3rd period - Nail Yakupov wins face-off versus Bo Horvat in Maple Leafs zone.
11:24 of 3rd period - Wrist shot by Nail Yakupov.
11:24 of 3rd period - Shot Misses the Net.
11:34 of 3rd period - Wrist shot by Martin Necas.
11:34 of 3rd period - Stopped by Philipp Grubauer without a rebound.
11:35 of 3rd period - Max Domi wins face-off versus Elias Pettersson in Sharks zone.
12:08 of 3rd period - Jason Zucker is hit by Markus Nutivaara and loses puck.
12:29 of 3rd period - Slapshot by Zach Werenski.
12:29 of 3rd period - Shot Misses the Net.
12:54 of 3rd period - Minor Penalty to Ronalds Kenins for Holding.
12:55 of 3rd period - Max Domi wins face-off versus Bo Horvat in Sharks zone.
12:55 of 3rd period - Max Domi is hit by Evander Kane.
13:32 of 3rd period - Snap shot by Pierre-Olivier Joseph.
13:32 of 3rd period - Deflect By Greg Stewart.
13:32 of 3rd period - Stopped by Philipp Grubauer without a rebound.
13:33 of 3rd period - Max Domi wins face-off versus Bo Horvat in Sharks zone.
13:42 of 3rd period - Snap shot by Evander Kane.
13:42 of 3rd period - Deflect By Max Domi.
13:42 of 3rd period - Stopped by Philipp Grubauer with a rebound.
14:06 of 3rd period - Slapshot by Zach Werenski.
14:06 of 3rd period - Shot Blocked by Max Domi.
14:08 of 3rd period - Snap shot by Elias Pettersson.
14:08 of 3rd period - Deflect By Jason Zucker.
14:08 of 3rd period - Shot Hit the Post.
14:08 of 3rd period - Puck is out of play.
14:09 of 3rd period - Max Domi wins face-off versus Bo Horvat in Sharks zone.
14:52 of 3rd period - Slapshot by Bo Horvat.
14:52 of 3rd period - Shot Blocked by Kurtis Macdermid.
14:54 of 3rd period - Penalty to Ronalds Kenins is over, Ronalds Kenins is back on ice.
15:06 of 3rd period - Backhand shot by MacKenzie Weegar.
15:06 of 3rd period - Shot Misses the Net.
15:08 of 3rd period - Wrist shot by Brendan Gaunce.
15:08 of 3rd period - Shot Misses the Net.
15:10 of 3rd period - Slapshot by Charlie McAvoy.
15:10 of 3rd period - Stopped by Kristers Gudlevskis without a rebound.
15:11 of 3rd period - Devin Shore wins face-off versus Elias Lindholm in Maple Leafs zone.
15:20 of 3rd period - Wrist shot by William Nylander.
15:20 of 3rd period - Shot Misses the Net.
15:22 of 3rd period - Snap shot by Tyler Benson.
15:22 of 3rd period - Shot Misses the Net.
15:24 of 3rd period - Slapshot by Elias Lindholm.
15:24 of 3rd period - Shot Misses the Net.
15:26 of 3rd period - Slapshot by Tyler Benson.
15:26 of 3rd period - Shot Misses the Net.
15:28 of 3rd period - Wrist shot by Jon Merrill.
15:28 of 3rd period - Deflect By Markus Nutivaara.
15:28 of 3rd period - Stopped by Philipp Grubauer with a rebound.
15:38 of 3rd period - Evander Kane is hit by Boone Jenner and loses puck.
15:43 of 3rd period - Snap shot by Greg Stewart.
15:43 of 3rd period - Goal by Greg Stewart - Sharks : 3 - Maple Leafs : 2.
15:44 of 3rd period - Devin Shore wins face-off versus Elias Lindholm in neutral zone.
15:47 of 3rd period - Snap shot by Brandon Carlo.
15:47 of 3rd period - Deflect By Zach Werenski.
15:47 of 3rd period - Stopped by Kristers Gudlevskis without a rebound.
15:48 of 3rd period - Nail Yakupov wins face-off versus Elias Lindholm in Maple Leafs zone.
15:49 of 3rd period - Snap shot by Devin Shore.
15:49 of 3rd period - Shot Blocked by Zach Werenski.
15:51 of 3rd period - Wrist shot by Devin Shore.
15:51 of 3rd period - Stopped by Kristers Gudlevskis with a rebound.
16:17 of 3rd period - Slapshot by Max Domi.
16:17 of 3rd period - Shot Blocked by John Klingberg.
17:49 of 3rd period - Off-side.
17:50 of 3rd period - Max Domi wins face-off versus Elias Lindholm in neutral zone.
17:57 of 3rd period - Wrist shot by Max Domi.
17:57 of 3rd period - Stopped by Kristers Gudlevskis without a rebound.
17:58 of 3rd period - Max Domi wins face-off versus Elias Lindholm in Maple Leafs zone.
18:39 of 3rd period - Slapshot by Zach Werenski.
18:39 of 3rd period - Shot Blocked by Charlie McAvoy.
18:56 of 3rd period - Minor Penalty to Tyler Benson for Delaying the game.
18:57 of 3rd period - Bo Horvat wins face-off versus Boone Jenner in Maple Leafs zone.
19:04 of 3rd period - Off-side.
19:05 of 3rd period - Peter DeBoer call a timeout for Maple Leafs.
19:05 of 3rd period - Boone Jenner wins face-off versus Bo Horvat in neutral zone.
19:22 of 3rd period - Wrist shot by Bo Horvat.
19:22 of 3rd period - Stopped by Philipp Grubauer with a rebound.
19:30 of 3rd period - Slapshot by Boone Jenner.
19:30 of 3rd period - Stopped by Kristers Gudlevskis with a rebound.
19:32 of 3rd period - Snap shot by Brandon Carlo.
19:32 of 3rd period - Shot Blocked by Jon Merrill.
Goals for this period are 1 for Sharks vs 0 for Maple Leafs.
Shots for this period are 11 for Sharks vs 8 for Maple Leafs. Output by the SimonT Hockey Simulator (STHS) for Francois Prevost - Original Page W3C HTML5 Valid
Hockey Simulator - Hockey Simulation - Hockey Manager